 Dungeon Crawl Stone Soup version 0.29-a0-772-ga24da20 (webtiles) character file.

Game seed: 692569222165035765

3511 Illumine the Grappler (level 9, -1/88 HPs)
             Began as a Troll Cinder Acolyte on June 30, 2022.
             Was an Initiate of Ignis.
             Slain by a centaur
             ... wielding a +0 spear
              (5 damage)
             ... in a bailey on July 1, 2022.
             The game lasted 00:17:02 (6156 turns).

Illumine the Grappler (Troll Cinder Acolyte)        Turns: 6156, Time: 00:17:03

Health: -1/88      AC:  4    Str: 28    XL:     9   Next: 81%
Magic:  9/9        EV: 10    Int: 10    God:    Ignis [......]
Gold:   562        SH:  0    Dex:  5    Spells: 10/10 levels left

rFire   + . .      SeeInvis .     - Unarmed
rCold   . . .      Faith    .   (no shield)
rNeg    . . .      Spirit   .   b - +0 robe
rPois   .          Reflect  .   (helmet restricted)
rElec   .          Harm     .   (no cloak)
rCorr   .          Rampage  .   (gloves unavailable)
Will    .....                   (boots unavailable)
Stlth   +.........              (no amulet)
HPRegen 1.04/turn               l - ring of flight
MPRegen 0.11/turn               (no ring)

@: flying
A: large, unfitting armour, claws 3, regeneration 1, shaggy fur 1, tough skin 1
a: Renounce Religion, Rising Flame


You were in a bailey.
You worshipped Ignis.
Ignis was noncommittal.
You visited 1 branch of the dungeon, and saw 7 of its levels.
You also visited: Bailey.

You collected 622 gold pieces.
You spent 60 gold pieces at shops.

Inventory:

Hand Weapons
 a - a -1 falchion of flaming
 k - a +5 war axe
Missiles
 e - 15 poisoned darts
 s - 17 javelins (quivered)
Armour
 b - a +0 robe (worn)
Jewellery
 d - a ring of wizardry
 l - a ring of flight (left claw)
 y - an amulet of magic regeneration
Wands
 v - a wand of light (9)
Scrolls
 f - 2 scrolls of magic mapping
 g - a scroll of immolation
 h - 2 scrolls of teleportation
 o - a scroll of enchant weapon {unknown}
 p - a scroll of vulnerability {unknown}
 u - a scroll of brand weapon {unknown}
 z - a scroll of silence {unknown}
Potions
 i - a potion of flight
 j - 4 potions of curing
 m - a potion of resistance
 q - a potion of ambrosia
 t - a potion of berserk rage {unknown}
 w - a potion of lignification {unknown}
 x - a potion of degeneration {unknown}
 A - a potion of attraction {unknown}


   Skills:
 + Level 5.4 Fighting
 - Level 2.4 Long Blades
 * Level 3.8 Throwing
 + Level 4.7 Dodging
 * Level 9.8 Unarmed Combat
 - Level 1.0 Spellcasting
 - Level 2.1 Fire Magic
 - Level 2.2 Evocations


You had 10 spell levels left.
You didn't know any spells.
Your spell library contained the following spells:

 Spells                   Type           Power      Damage    Failure   Level
 Scorch                   Fire           8%         2d5       22%         2


Dungeon Overview and Level Annotations

Branches:
Dungeon (7/15)             Bailey (1/1)
 Temple: D:4-7

Altars:
Dithmenos
Elyvilon
Nemelex Xobeh
Okawaru
Ru
Uskayaw
Wu Jian
Zin
The Shining One

Shops:
D:4 ?


Innate Abilities, Weirdness & Mutations

You are too large for most types of armour.
You have claws for hands.
Your natural rate of healing is unusually fast.
You are covered in fur. (AC +1)
You have tough skin. (AC +1)


Message History

You start resting.
A centaur comes into view. It is wielding a +0 trident.
A centaur is nearby!
The centaur shouts!
The centaur throws a javelin.
The javelin pierces through you!
The centaur hits you from afar with a +0 trident.
The centaur misses you. The centaur barely misses you.
The centaur hits you with a +0 trident! The centaur kicks you.
You mangle the centaur!!
You kill the centaur!
A centaur comes into view. It is wielding a +0 spear.
The centaur throws a javelin.
The javelin barely misses you.
Items here: ( ) [ †.
An orc comes into view. It is wielding a +0 halberd.
The centaur throws a javelin.
The javelin closely misses you.
The centaur throws a javelin.
The javelin pierces through you!
The centaur throws a javelin.
The javelin pierces through you!
* * * LOW HITPOINT WARNING * * *
Found 3 scrolls of enchant armour.
The centaur completely misses you. The centaur barely misses you.
The centaur kicks you. The orc hits you with a +0 halberd!
* * * LOW HITPOINT WARNING * * *
The centaur hits you with a +0 spear.
* * * LOW HITPOINT WARNING * * *
The centaur kicks you.
* * * LOW HITPOINT WARNING * * *
You scratch the centaur but do no damage.
The centaur hits you with a +0 spear.
* * * LOW HITPOINT WARNING * * *
The centaur closely misses you. The orc hits you with a +0 halberd.
* * * LOW HITPOINT WARNING * * *
Unknown command.
Okay, then.
Okay, then.
Okay, then.
Okay, then.
As you read the scroll labelled WIL YSHRONIL, it crumbles to dust.
Wisps of shadow whirl around you...
It was a scroll of summoning.
The centaur hits you with a +0 spear.
You die...

≈.≈≈≈..≈≈≈≈≈≈≈#
....≈≈≈..≈≈≈≈≈#
......≈≈≈.≈≈≈≈#
≈≈≈.....≈.≈≈≈≈#
≈≈≈≈..⌠.≈≈.≈≈≈#
≈≈o≈.....≈.≈≈≈#
≈≈≈≈≈.co.≈≈.≈≈#
.≈.....≈≈≈≈≈o≈o.@..≈.≈≈#
.≈.....≈≈≈?≈≈≈...o.≈.≈≈#
.≈.....≈≈≈:≈o≈.....≈.≈≈#
.≈.....≈≈≈:≈≈≈.....≈)≈≈#
.≈.....≈≈≈≈≈≈≈.....≈.≈≈#
.≈≈....≈≈≈≈≈≈≈....≈≈.≈≈#
≈.≈.....≈≈≈≈≈.....≈.≈≈≈#
≈)≈≈.⌠..≈≈≈≈≈..⌠.≈≈.≈≈≈#
≈≈.≈.....≈≈≈.....≈)≈≈≈≈#


You could see a centaur (ally target), an orc, a friendly orc warrior (summoned)
and 4 friendly orcs.

Vanquished Creatures
  Menkaure (D:5)
  2 sky beasts (D:6)
  5 black bears
  An ice beast (D:6)
  9 orc warriors (Bailey)
  10 centaurs (Bailey)
  2 phantoms (D:5)
  Blork the orc (D:4)
  A kobold brigand (D:7)
  A bullfrog (D:6)
  2 scorpions (D:6)
  A hound (D:6)
  A jelly (D:4)
  An orc priest (D:4)
  Jessica (D:3)
  2 iguanas
  3 orc wizards
  11 adders
  4 gnolls (D:2)
  2 shadow imps
  A white imp (D:6)
  An ufetubus (D:6)
  3 dart slugs
  36 orcs
  7 bats
  14 endoplasms
  3 giant cockroaches
  10 hobgoblins
  5 jackals
  6 quokkas
  7 ball pythons
  6 frilled lizards
  A gnoll zombie (D:4)
  7 goblins
  12 kobolds
  5 rats
185 creatures vanquished.

Vanquished Creatures (others)
  85 foxfires
  A fungus (D:1)
  4 toadstools (D:1)
90 creatures vanquished.

Grand Total: 275 creatures vanquished

Notes
Turn   | Place    | Note
-------+----------+-------------------------------------------
     0 | D:1      | Illumine the Troll Cinder Acolyte began the quest for the
                  | Orb.
     0 | D:1      | Reached XP level 1. HP: 22/22 MP: 1/1
    85 | D:1      | Reached skill level 1 in Unarmed Combat
   111 | D:1      | Reached XP level 2. HP: 24/29 MP: 2/2
   291 | D:1      | Reached skill level 2 in Unarmed Combat
   461 | D:1      | Reached XP level 3. HP: 36/36 MP: 3/3
   461 | D:1      | Upgraded the game from 0.29-a0-764-g1c741a5 to
                  | 0.29-a0-772-ga24da20
   597 | D:1      | Reached skill level 3 in Unarmed Combat
   941 | D:2      | Reached XP level 4. HP: 44/44 MP: 4/4
  1040 | D:2      | Reached skill level 4 in Unarmed Combat
  1226 | D:3      | Noticed Jessica
  1237 | D:3      | Killed Jessica
  1238 | D:3      | Reached XP level 5. HP: 35/50 MP: 5/5
  1261 | D:3      | Found a faded altar of an unknown god.
  1722 | D:3      | Reached skill level 5 in Unarmed Combat
  1963 | D:4      | Noticed Blork the orc
  2554 | D:4      | Reached skill level 1 in Dodging
  2554 | D:4      | Reached XP level 6. HP: 42/59 MP: 6/6
  2580 | D:4      | Killed Blork the orc
  2640 | D:4      | Found Iree's Magic Scroll Shoppe.
  2656 | D:4      | Bought a scroll of identify for 24 gold pieces
  2656 | D:4      | Bought a scroll of teleportation for 36 gold pieces
  2931 | D:4      | Found a white marble altar of Elyvilon.
  2931 | D:4      | Found a glowing golden altar of the Shining One.
  2931 | D:4      | Found a glowing silver altar of Zin.
  2962 | D:4      | Found a hide-covered altar of Uskayaw.
  3047 | D:5      | Entered Level 5 of the Dungeon
  3368 | D:5      | Reached skill level 6 in Unarmed Combat
  3387 | D:5      | Reached XP level 7. HP: 67/67 MP: 7/7
  3544 | D:5      | Noticed Menkaure
  3558 | D:5      | Killed Menkaure
  3600 | D:5      | Found a sacrificial altar of Ru.
  3693 | D:5      | Reached skill level 7 in Unarmed Combat
  3837 | D:6      | Found a sparkling altar of Nemelex Xobeh.
  3877 | D:6      | Reached XP level 8. HP: 61/78 MP: 8/8
  3953 | D:6      | Found an iron altar of Okawaru.
  4065 | D:6      | Found an ornate altar of the Wu Jian Council.
  4077 | D:6      | Reached skill level 8 in Unarmed Combat
  4337 | D:6      | Reached skill level 1 in Throwing
  4378 | D:6      | Reached skill level 1 in Evocations
  4818 | D:7      | Found a shadowy altar of Dithmenos.
  4923 | D:7      | Found a flagged portal.
  4995 | Bailey   | Entered a bailey
  5078 | Bailey   | Reached XP level 9. HP: 87/87 MP: 9/9
  5307 | Bailey   | Reached skill level 9 in Unarmed Combat
  5317 | Bailey   | Reached skill level 5 in Fighting
  5418 | Bailey   | HP: 2/88 [orc warrior/+0 glaive (6)]
  6155 | Bailey   | HP: 3/88 [orc/+0 halberd (3)]
  6156 | Bailey   | Slain by a centaur

Illustrated notes

Levels and vault maps discovered:
D:1:      minmay_arrival_nine_rooms, layout_basic, minmay_gold_behind_fungi
D:2:      layout_basic, kennysheep_generic_room_4
D:3:      layout_basic, hellmonk_ecumenical_altar_leap_of_faith, uniq_jessica
D:4:      layout_cave_pools, good_gods_mini_temple,
          mainiacjoe_overflow_concentric_impassable, enter_ossuary_3,
          serial_shops, kennysheep_little_box, uniq_blork_the_orc
D:5:      layout_loops_ring, lemuel_round_altar, grunt_ministairs_4,
          uniq_menkaure
D:6:      layout_loops_ring, mainiacjoe_overflow_cross_hatched,
          nzn_wu_jian_contemplation, lemuel_doored_altar
D:7:      layout_loops_ring, grunt_dithmenos_smoke_and_mirrors, temple_green,
          enter_bailey_4
Bailey:   bailey_polearm_flooded_kennysheep, bailey

Skill      XL: |  1  2  3  4  5  6  7  8  9 |
---------------+----------------------------+-----
Unarmed Combat | 1 2 3 4 5 6 7 8 9 |  9.8
Dodging        | 1 2 3 4 |  4.7
Fighting       | 3 4 5 |  5.4
Throwing       | 1 3 |  3.8
Evocations     | 1 2 |  2.2
Long Blades    | |  2.4
Spellcasting   | |  1.0
Fire Magic     | |  2.1

Action                   |  1- 3 |  4- 6 |  7- 9 || total
-------------------------+-------+-------+-------++-------
Melee: Falchion          |    24 |       |       ||    24
       Unarmed           |   122 |   158 |   230 ||   510
       Punch             |     1 |     1 |     7 ||     9
Throw: Dart              |       |       |    13 ||    13
       Javelin           |       |       |    18 ||    18
Invok: Fiery Armour      |       |     1 |     4 ||     5
       Foxfire Swarm     |       |       |     5 ||     5
Evoke: Wand              |       |       |    25 ||    25
  Use: Scroll            |       |     4 |     6 ||    10
       Potion            |       |       |     3 ||     3
Armor: Robe              |    73 |    64 |    78 ||   215
Dodge: Dodged            |    71 |    84 |   177 ||   332

Table legend: (Time is in decaauts)
 A = Elapsed time spent in this place.
 B = Non-inter-level travel time spent in this place.
 C = Inter-level travel time spent in this place.
 D = Time resting spent in this place.
 E = Time spent auto-exploring this place.
 F = Levels seen in this place.
 G = Mean time per level.
                   A        B        C        D        E       F      G
               +--------+--------+--------+--------+--------+-----+--------+
         Total |   6113 |   5865 |    248 |    551 |   3352 |   8 |  764.1 |
       Dungeon |   4960 |   4712 |    248 |    188 |   3169 |   7 |  708.6 |
        Bailey |   1153 |   1153 |      0 |    363 |    183 |   1 | 1153.0 |
               +--------+--------+--------+--------+--------+-----+--------+

Top non-repeatable levels by time:
  Bailey: 1153 daAuts
     D:3: 1134 daAuts
     D:6: 911 daAuts
     D:1: 772 daAuts
     D:5: 757 daAuts
     D:2: 592 daAuts
     D:4: 536 daAuts
     D:7: 255 daAuts
